 Dungeon Crawl Stone Soup version 0.29.0 (webtiles) character file.

Game seed: 6452655337018759348

1176 worthlessgem the Changer (level 8, 32/32 HPs)
             Began as a Felid Transmuter on Aug 25, 2022.
             Was a Follower of Uskayaw.
             Quit the game on level 7 of the Dungeon.
             The game lasted 01:21:39 (12126 turns).

worthlessgem the Changer (Felid Transmuter)        Turns: 12126, Time: 01:21:39

Health: 32/32      AC:  2    Str:  8    XL:     8   Next: 18%
Magic:  13/13      EV: 18    Int: 17    God:    Uskayaw [*.....]
Gold:   314        SH:  0    Dex: 16    Spells: 1/13 levels left
                                        Lives:  0   Deaths: 2

rFire   . . .      SeeInvis +     - Unarmed
rCold   . . .      Faith    .   (shield unavailable)
rNeg    . . .      Spirit   .   (body armour unavailable)
rPois   +          Reflect  .   (helmet unavailable)
rElec   .          Harm     .   (cloak unavailable)
rCorr   +          Rampage  .   (gloves unavailable)
Will    +++..                   (boots unavailable)
Stlth   ++++......              (no amulet)
HPRegen 0.10/turn               l - ring of willpower
MPRegen 0.13/turn               h - ring "Qaanoxux" {rPois Will+ rCorr Stlth+}

@: quick
A: very small, claws 1, fangs 3, see invisible, speed 1, shaggy fur 2, stealthy
paws, no weapons or thrown items, no armour, multi-lived
a: Renounce Religion, Stomp


You were on level 7 of the Dungeon.
You worshipped Uskayaw.
Uskayaw was noncommittal.
You visited 1 branch of the dungeon, and saw 8 of its levels.
You also visited: Sewer.

You collected 314 gold pieces.

Inventory:

Jewellery
 e - a ring of fire
 h - the ring "Qaanoxux" (right paw) {rPois Will+ rCorr Stlth+}
   (You found it in a sewer)

   [ring of resist corrosion]

   rPois:     It protects you from poison.
   rCorr:     It protects you from acid and corrosion.
   Will:      It increases your willpower.
   Stlth:     It makes you more stealthy.
 l - a ring of willpower (left paw)
 n - a ring of protection from cold
 v - an amulet of the acrobat
 x - a ring of fire
 y - a ring of positive energy
Wands
 p - a wand of polymorph (8)
 w - a wand of roots (11)
Scrolls
 a - a scroll of teleportation
 b - a scroll of immolation
 d - 4 scrolls of identify
 i - a scroll of amnesia
 j - 3 scrolls of blinking
 k - a scroll of enchant weapon {unknown}
 m - 2 scrolls of fog {unknown}
 o - 3 scrolls of noise {unknown}
 s - 3 scrolls of fear
 u - a scroll of summoning {unknown}
 z - a scroll of vulnerability {unknown}
Potions
 c - 5 potions of flight
 f - a potion of degeneration
 g - a potion of cancellation
 q - a potion of ambrosia
 r - a potion of lignification
 t - a potion of haste {unknown}


   Skills:
 - Level 1.4 Fighting
 - Level 3.6 Dodging
 - Level 5.1 Stealth
 - Level 4.9 Unarmed Combat
 - Level 3.0 Spellcasting
 - Level 3.9 Hexes
 - Level 5.9 Transmutations
 - Level 5.3 Ice Magic
 * Level 4.0 Earth Magic
 - Level 1.4 Poison Magic
 + Level 3.7 Invocations


You had one spell level left.
You knew the following spells:

 Your Spells              Type           Power      Damage    Failure   Level
a - Ensorcelled Hibernat  Hex/Ice        36%        N/A       4%          2
b - Wereblood             Tmut           22%        N/A       2%          2
c - Spider Form           Tmut/Pois      15%        N/A       12%         3
d - Ice Form              Ice/Tmut       21%        N/A       17%         4
e - Sandblast             Erth           32%        2d9       3%          1

Your spell library contained the following spells:

 Spells                   Type           Power      Damage    Failure   Level
 Beastly Appendage        Tmut           44%        N/A       1%          1
 Apportation              Tloc           4%         N/A       17%         1
 Passwall                 Tmut/Erth      15%        N/A       3%          2
 Stone Arrow              Conj/Erth      18%        3d8       22%         3
 Swiftness                Air            2%         N/A       45%         3
 Alistair's Intoxication  Tmut/Pois      10%        N/A       73%         5
 Summon Mana Viper        Hex/Summ       9%         N/A       91%         5
 Summon Forest            Summ/Tloc      1%         N/A       99%         5
 Summon Cactus Giant      Summ           1%         N/A       100%        6


Dungeon Overview and Level Annotations

Branches:
Dungeon (8/15)             Temple (0/1) D:6           Sewer (visited)
   Lair: D:8-11

Altars:
Sif Muna
Uskayaw

Annotations:
D:3 exclusions: orc priest, orc wizard and 1 more exclusion
D:6 exclusions: 2 gnolls and gnoll bouda


Innate Abilities, Weirdness & Mutations

You have sharp claws.
You have razor-sharp teeth.
You have supernaturally acute eyesight. (SInv)
You cover ground quickly. (Speed+)
You are covered in thick fur. (AC +2)
Your paws help you pounce on unaware monsters.
You are incapable of wielding weapons or throwing items.
You cannot wear armour.
You gain extra lives every three experience levels.


Message History

Casting: Sandblast (safe; 3% risk of failure)
Confirm with . or Enter, or press ? or * to list all spells.
The spell is quite dangerous to miscast (12% risk of failure)!
Continue anyway?
You turn into a venomous arachnid creature.
The centaur misses you. The centaur kicks you.
A shadow comes into view.
The basilisk hisses menacingly.
The centaur closely misses you. The centaur kicks you.
You hit the centaur.
The centaur is lightly wounded.
A wraith comes into view.
You hit the boulder beetle but do no damage.
The boulder beetle is poisoned.
Your transformation is almost over.
A wraith comes into view.
You hit the boulder beetle.
The boulder beetle is lightly wounded.
The boulder beetle misses you.
You bite the boulder beetle!
The boulder beetle looks as sick as possible!
The boulder beetle is moderately wounded.
The boulder beetle bites you!!
Ouch! That really hurt!
* * * LOW HITPOINT WARNING * * *
Casting: Spider Form (quite dangerous; 28% risk of failure)
Confirm with . or Enter, or press ? or * to list all spells.
Aiming: Sandblast (safe; 11% risk of failure)
Press: ? - help, Shift-Dir - straight line, f - boulder beetle
Aim: a boulder beetle (moderately wounded, extremely poisoned, 100% to hit)
The blast of sand hits the boulder beetle but does no damage.
The boulder beetle is moderately wounded.
A yak comes into view.
The boulder beetle bites you!!
Ouch! That really hurt!
You die...
Your shape twists and changes as you die.
You are now level 8!
Your transformation has ended.
You rejoin the land of the living...
Are you sure you want to abandon this character and quit the game? (Confirm with "yes".)

## ########### #. #.........#
#### #. #.#######.# #.. ####. #.#
#.# #.# #.##. ##.#######.#
###.### # ######.... .........#.#
#.....#.###.........
##.#####.#.###.....#.#...........
#.# #.#......@....#.#.######..
#.# #.#####.....###.#.# #.> #.#
#.# #.....###.#.# #.. #.# #.#
###.####..#.######.. #.#
###.#######.###.#...........
##.###...................<.####..
.........######.##.##..#.#.####..
##.###.### #.##.##............
#...##.# #.##.##...#######..


There were no monsters in sight!

Vanquished Creatures
  Sigmund (D:5)
  A water moccasin (D:7)
  2 black bears
  A sky beast (D:6)
  2 phantoms
  A kobold brigand (D:7)
  A bullfrog (D:6)
  7 scorpions
  4 killer bees (D:7)
  A quasit (D:5)
  5 orc priests
  A gnoll bouda (D:5)
  5 jellies
  Jessica (D:2)
  An iguana (D:5)
  Ijyb (D:4)
  A merfolk siren (Sewer)
  A merfolk avatar (Sewer)
  16 gnolls
  10 adders
  6 river rats
  3 shadow imps
  A white imp (D:6)
  3 dart slugs
  15 orcs
  6 endoplasms
  6 giant cockroaches
  6 goblins
  9 hobgoblins
  9 jackals
  4 quokkas
  15 ball pythons
  2 bats
  4 frilled lizards
  17 kobolds
  30 rats
199 creatures vanquished.

Vanquished Creatures (others)
  4 toadstools (D:6)
4 creatures vanquished.

Grand Total: 203 creatures vanquished

Notes
Turn   | Place    | Note
-------+----------+-------------------------------------------
     0 | D:1      | worthlessgem the Felid Transmuter began the quest for the
                  | Orb.
     0 | D:1      | Reached XP level 1. HP: 9/9 MP: 4/4
   452 | D:1      | Reached XP level 2. HP: 9/12 MP: 4/6
   457 | D:1      | Learned a level 2 spell: Wereblood
   927 | D:1      | Reached XP level 3. HP: 15/15 MP: 4/7
  1281 | D:1      | Learned a level 3 spell: Spider Form
  1309 | D:2      | Noticed Jessica
  1815 | D:2      | Identified the +5 spear "Widowmaker" {pain, rC- Str+2 Dex+2
                  | Stlth+}
  2338 | D:2      | Reached skill level 1 in Poison Magic
  2381 | D:2      | Reached XP level 4. HP: 7/19 MP: 5/8
  2411 | D:2      | Slain by a gnoll
  2412 | D:2      | Reached XP level 3. HP: 0/15 MP: 5/7
  2948 | D:2      | Killed Jessica
  2949 | D:2      | Reached XP level 4. HP: 19/19 MP: 4/8
  3245 | D:3      | Reached skill level 1 in Ice Magic
  3948 | D:3      | Reached skill level 5 in Transmutations
  4289 | D:4      | Noticed Ijyb
  4426 | D:4      | Reached XP level 5. HP: 22/22 MP: 2/9
  4501 | D:4      | Found a glowing drain.
  4513 | D:4      | Noticed a +0 spear
  4513 | D:4      | Noticed a +0 falchion
  4513 | D:4      | Noticed a +0 falchion
  4514 | D:4      | Noticed a +0 short sword
  4517 | D:4      | Noticed a +0 spear
  4517 | D:4      | Noticed a +0 short sword
  4517 | D:4      | Noticed a +0 dagger
  4517 | D:4      | Noticed a +0 dagger
  4550 | Sewer    | Entered a sewer
  4896 | Sewer    | HP: 1/22 [constriction (1)]
  5168 | Sewer    | Learned a level 4 spell: Ice Form
  5243 | Sewer    | Gained mutation: You are covered in thick fur. (AC +2)
                  | [Felid growth]
  5243 | Sewer    | Reached XP level 6. HP: 25/25 MP: 0/11
  5457 | Sewer    | Identified the ring "Qaanoxux" {rPois Will+ rCorr Stlth+}
  5602 | D:4      | Found a hide-covered altar of Uskayaw.
  5764 | D:4      | Found a shimmering blue altar of Sif Muna.
  5807 | D:4      | Became a worshipper of Uskayaw the Reveller
  5899 | D:4      | Reached * piety under Uskayaw
  5923 | D:4      | Killed Ijyb
  6046 | D:5      | Entered Level 5 of the Dungeon
  6091 | D:5      | Learned a level 2 spell: Ensorcelled Hibernation
  6143 | D:5      | Noticed Sigmund
  6145 | D:5      | Reached skill level 1 in Hexes
  6153 | D:5      | Killed Sigmund
  6154 | D:5      | Reached XP level 7. HP: 13/28 MP: 5/12
  6206 | D:5      | Noticed Grinder
  6213 | D:5      | Reached ** piety under Uskayaw
  6928 | D:4      | HP: 1/33 [gnoll/+0 spear (7)]
  7403 | D:4      | Identified the +4 mace of the Seven Knaves {vorpal, rCorr
                  | Str+2}
  8084 | D:6      | Reached skill level 1 in Stealth
  8084 | D:6      | Reached skill level 5 in Ice Magic
  8467 | D:6      | Reached XP level 8. HP: 32/32 MP: 9/13
  8886 | D:6      | Found a staircase to the Ecumenical Temple.
  9830 | D:5      | Reached skill level 5 in Stealth
 10202 | D:5      | Noticed Grinder
 10202 | D:5      | Grinder changed into Grinder the quasit
 10213 | D:5      | Killed Grinder the quasit
 10214 | D:5      | Reached skill level 1 in Invocations
 10311 | D:5      | Learned a level 1 spell: Sandblast
 11027 | D:7      | Reached skill level 1 in Earth Magic
 11201 | D:7      | Reached *** piety under Uskayaw
 11208 | D:7      | Reached **** piety under Uskayaw
 11524 | D:7      | Reached XP level 9. HP: 35/35 MP: 9/14
 12119 | D:7      | Noticed an unseen horror
 12119 | D:7      | Noticed a boulder beetle
 12125 | D:7      | Demolished by a boulder beetle
 12126 | D:7      | Reached XP level 8. HP: -16/32 MP: 10/13
 12126 | D:7      | Quit the game

Illustrated notes

Levels and vault maps discovered:
D:1:      dpeg_arrival_snail, layout_basic, chequers_mini_garden,
          glass_columns_a, serial_bayou_ford_a, roderic_serpentine_path,
          minmay_tree_intersection
D:2:      layout_loops_cross, uniq_jessica
D:3:      layout_loops_ring
D:4:      layout_basic, lemuel_doored_altar, nicolae_uskayaw_en_pointe,
          portal_sewer_entry_c, uniq_ijyb
D:5:      layout_loops_ring, uniq_sigmund, uniq_grinder
D:6:      layout_gridville, minmay_temple_entry_drinking_statues,
          amcnicky_mini_pool_small, minmay_gold_behind_fungi
D:7:      minmay_the_grid_octo_2x2 [minmay_the_grid_octo_concentric,
          minmay_the_grid_octo_empty, minmay_the_grid_octo_fan_narrow,
          minmay_the_grid_octo_prize_big_c], layout_loops_ring,
          nicolae_ru_path_of_blood, enter_ossuary_2, hex_tiny
D:8:      cheibrodos_grave_circle, layout_loops_ring,
          mainiacjoe_overflow_small_starburst,
          chequers_temple_overflow_minitemple, uniq_psyche

Skill      XL: |  1  2  3  4  5  6  7  8  9 |
---------------+----------------------------+-----
Transmutations | 3 4 5 |  5.9
Poison Magic   | 1 |  1.4
Ice Magic      | 1 2 4 5 |  5.3
Spellcasting   | 3 |  3.0
Hexes          | 2 3 |  3.9
Dodging        | 3 |  3.6
Stealth        | 2 5 |  5.1
Unarmed Combat | 4 |  4.9
Invocations    | 3 |  3.7
Earth Magic    | 2 4 |  4.0
Fighting       | |  1.4

Action                   |  1- 3 |  4- 6 |  7- 9 || total
-------------------------+-------+-------+-------++-------
Melee: Unarmed           |   108 |   193 |   176 ||   477
       Bite              |    13 |     4 |     4 ||    21
       Headbutt          |    12 |     8 |       ||    20
       Punch             |       |     5 |     1 ||     6
 Cast: Beastly Appendage |    23 |    11 |       ||    34
       Wereblood         |    10 |     8 |     1 ||    19
       Spider Form       |     4 |    19 |     8 ||    31
       Ice Form          |       |     4 |    19 ||    23
       Ensorcelled Hiber |       |       |    24 ||    24
       Sandblast         |       |       |    12 ||    12
Invok: Line Pass         |       |       |     4 ||     4
       Stomp             |       |       |     2 ||     2
 Abil: End Transformatio |     1 |     5 |     7 ||    13
Evoke: Wand              |       |       |     8 ||     8
  Use: Potion            |       |    12 |     2 ||    14
       Scroll            |       |     7 |     6 ||    13
 Stab: Sleeping          |     2 |     3 |    21 ||    26
       Paralysed         |       |       |     3 ||     3
Armor: Skin              |     4 |    19 |    56 ||    79
Dodge: Dodged            |    74 |   147 |   134 ||   355
